AoeStats
← The Beer Man

Arena

509859935Analyzed
1v1 RM · 5d ago on Sep 28, 2026· 70m 53s· 2 players
Game mode
Random Map
Map size
Tiny (2 player)
Population
200
Speed
Normal
Resources
Standard
Victory
Conquest
Starting age
Dark Age
Ending age
Imperial Age
RankedLock teamsTeams togetherTeam positionsShared explorationLock speedFull tech treeHidden civsTurbo modeCheats
Victory
Defeat
🇧🇪 Portuguese · Belgium
908
+14
🇬🇧 Wei · United Kingdom
868
-14
lucasend
12:12 Feudal Age
15:55 Castle Age
14:48 Double-Bit Axe
15:23 Horse Collar
18:15 Loom
18:50 Bow Saw
28:39 Imperial Age
29:00 Wheelbarrow
28:10 Town Watch
30:21 Chemistry
30:13 Heavy Plow
31:19 Crop Rotation
32:00 Town Patrol
32:21 Hand Cart
34:52 Elite Organ Gun
37:16 Two-Man Saw
36:38 Husbandry
36:48 Bloodlines
35:59 Cavalier
36:55 Forging
38:44 Siege Engineers
38:43 Arquebus
39:32 Scale Barding Armor
40:02 Iron Casting
39:55 Fortified Wall
39:56 Masonry
40:33 Sappers
41:23 Conscription
41:32 Chain Barding Armor
42:12 Blast Furnace
44:35 Plate Barding Armor
53:13 Scale Mail Armor
54:04 Pikeman
55:02 Chain Mail Armor
54:46 Stone Mining
55:49 Bombard Tower
56:00 Architecture
55:26 Murder Holes
55:49 Halberdier
57:02 Plate Mail Armor
59:52 Ballistics
61:34 Gold Mining
64:11 Circumnavigation
The Beer Man
1:08 Loom
7:52 Loom
10:32 Feudal Age
10:57 Horse Collar
11:28 Double-Bit Axe
11:42 Gold Mining
13:25 Stone Mining
14:03 Loom
20:05 Castle Age
22:07 Bloodlines
21:58 Husbandry
23:06 Bow Saw
25:14 Gold Shaft Mining
25:17 Stone Shaft Mining
25:34 Wheelbarrow
27:34 Heavy Plow
28:22 Scale Barding Armor
28:27 Forging
34:06 Imperial Age
32:32 Iron Casting
33:13 Hand Cart
34:17 Chain Barding Armor
34:30 Capped Ram
36:11 Crop Rotation
35:17 Heavy Hei Guang Cavalry
35:54 Onager
37:36 Ming Guang Armor
39:00 Conscription
38:43 Tuntian
40:02 Siege Ram
44:22 Blast Furnace
43:24 Scale Mail Armor
43:16 Fletching
52:58 Light Cavalry
54:39 Ballistics
54:13 Treadmill Crane
54:44 Masonry
54:27 Hussar
Connection lost

Rejoining the realm…

Still unreachable

The connection could not be restored.

Session expired

The server has moved on; the page needs a fresh start.